 Dungeon Crawl Stone Soup version 0.22.0 (webtiles) character file.

9461 Matezma the Severer (level 11, -3/102 HPs)
             Began as a Hill Orc Monk on Oct 31, 2018.
             Was an Elder of Beogh.
             Slain by a komodo dragon (10 damage)
             ... on level 1 of the Lair of Beasts.
             The game lasted 00:50:36 (12934 turns).

Matezma the Severer (Hill Orc Monk)                Turns: 12934, Time: 00:50:37

Health: -3/102     AC: 21    Str: 18    XL:     11   Next: 46%
Magic:  8/11       EV:  6    Int: 10    God:    Beogh [****..]
Gold:   622        SH:  0    Dex: 13    Spells: 10/10 levels left

rFire    + . .     SeeInvis .   G - +5 halberd
rCold    . . .     Gourm    .   (shield currently unavailable)
rNeg     . . .     Faith    .   m - +4 chain mail {rF+}
rPois    .         Spirit   .   (no helmet)
rElec    .         Reflect  .   g - +1 cloak
rCorr    +         Harm     .   r - +0 pair of gloves
MR       .....                  J - +0 pair of boots
Stlth    ..........             t - amulet of rage
HPRegen  0.27/turn              y - ring of resist corrosion
MPRegen  0.12/turn              D - +5 ring of protection

@: extremely drained
A: no striking features
a: Smiting, Recall Orcish Followers, Renounce Religion, Evoke Berserk Rage


You were on level 1 of the Lair of Beasts.
You worshipped Beogh.
Beogh was greatly pleased with you.
You were not hungry.

You visited 2 branches of the dungeon, and saw 11 of its levels.

You collected 622 gold pieces.

Inventory:

Hand Weapons
 a - a +0 battleaxe
 G - a +5 halberd (weapon)
 K - a +0 battleaxe
Missiles
 i - 285 stones
 v - 4 exploding tomahawks (quivered)
 I - 6 tomahawks
Armour
 g - a +1 cloak (worn)
 k - a scarf of spirit shield
 m - a +4 chain mail of fire resistance (worn)
 r - a +0 pair of gloves (worn)
 J - a +0 pair of boots (worn)
 N - a +0 plate armour
Jewellery
 t - an amulet of rage (around neck)
 y - a ring of resist corrosion (left hand)
 A - an uncursed ring of stealth
 D - a +5 ring of protection (right hand)
 E - a +3 ring of dexterity
Wands
 u - a wand of iceblast (8)
 x - a wand of disintegration (20)
 B - a wand of acid (11)
 C - a wand of paralysis (1)
 M - a wand of polymorph (16)
Scrolls
 q - 5 scrolls of teleportation
 s - a scroll of immolation {unknown}
 z - a scroll of magic mapping
 F - a scroll of fog {unknown}
 H - a scroll of enchant weapon
Potions
 b - 2 potions of curing
 d - 2 potions of brilliance {unknown}
 e - a potion of flight {unknown}
 f - 2 potions of cancellation
 h - 2 potions of mutation {unknown}
 j - 2 potions of berserk rage {unknown}
 l - 3 potions of lignification
 n - a potion of heal wounds
 p - a potion of resistance {unknown}
Comestibles
 c - 7 rations


   Skills:
 + Level 11.0(0.0) Fighting
 * Level 15.6(0.0) Axes
 + Level 9.6(0.0) Armour
 - Level 2.4(0.0) Dodging
 - Level 2.0(0.0) Stealth


You had 10 spell levels left.
You didn't know any spells.
Your spell library contained the following spells:

 Spells                   Type           Power        Failure   Level  Hunger
 Magic Dart               Conj           #...         99%         1    ##.....
 Conjure Flame            Conj/Fire      #.......     100%        3    ####...
 Slow                     Hex            #.......     100%        2    ###....
 Confuse                  Hex            #.......     100%        3    ####...
 Throw Frost              Conj/Ice       #.....       100%        2    ###....
 Mephitic Cloud           Conj/Pois/Air  #.......     100%        3    ####...
 Blink                    Tloc           N/A          100%        2    ###....
 Freeze                   Ice            #...         99%         1    ##.....
 Summon Ice Beast         Ice/Summ       #.......     100%        4    #####..
 Ozocubu's Armour         Chrm/Ice       #.......     100%        3    ####...
 Call Imp                 Summ           #.......     100%        2    ###....
 Stone Arrow              Conj/Erth      #.....       100%        3    ####...
 Throw Icicle             Conj/Ice       #.......     100%        4    #####..
 Confusing Touch          Hex            #.....       99%         1    ##.....
 Passwall                 Tmut/Erth      #.......     100%        2    ###....
 Metabolic Englaciation   Hex/Ice        #.........   100%        5    ######.
 Lee's Rapid Deconstruct  Erth           #.........   100%        5    ######.
 Sandblast                Erth           #.....       99%         1    ##.....
 Petrify                  Tmut/Erth      #.......     100%        4    #####..
 Gell's Gravitas          Tloc           #.........   100%        3    ####...
 Yara's Violent Unravell  Hex/Tmut       #.........   100%        5    ######.


Dungeon Overview and Level Annotations

Branches:
Dungeon (9/15)             Temple (0/1) D:4            Lair (2/6) D:9
  Swamp: Lair:2-4    Shoals: Lair:2-4     Snake: Lair:2-4    Spider: Lair:2-4
    Orc: D:9-12

Altars:
Fedhas
Gozag
Hepliaklqana
Makhleb
Nemelex Xobeh
Okawaru
Qazlal
Sif Muna
Uskayaw
Vehumet
Wu Jian
Yredelemnul

Shops:
D:4 [   D:7 :   D:8 (

Annotations:
Lair:1 Sonja


Message History

The blink frog hits the fungus.
The blink frog blinks!
You hit the komodo dragon.
The komodo dragon is heavily wounded.
The blink frog hits you but does no damage.
The komodo dragon bites you!
The blink frog hits you but does no damage.
The komodo dragon bites you but does no damage.
You hit the komodo dragon.
The komodo dragon is severely wounded.
The blink frog hits you.
The komodo dragon bites you but does no damage.
The blink frog hits you but does no damage.
You puncture the komodo dragon!
The komodo dragon is almost dead.
The blink frog hits you. The komodo dragon bites you!!
* * * LOW HITPOINT WARNING * * *
The blink frog hits you.
* * * LOW HITPOINT WARNING * * *
The komodo dragon bites you!
You die...

.....................# ###
#.... .....................##
#.... .....................P#
#.... .....................##
#.... ##...................#
###.P #P...................##
#.# ##....................#
#.# ####..###...###lP.#### ###
#..
#...##...###@########.#####.#
#..###....##F..........##....
#...##.......................
#............................
##....##...........##..##..##
###....###P##.#..#.###..##..##
#.......######......[#).##..##
#.......# ##......##...#..##
#.......# #.......#.......#P


You could see a komodo dragon and a blink frog.

Vanquished Creatures
  Harold (D:8)
  A two-headed ogre (D:8)
  Pikel (D:8)
  Maurice (D:8)
  Psyche (D:8)
  A spiny frog (Lair:1)
  2 komodo dragons (Lair:1)
  6 blink frogs (Lair:1)
  2 hippogriffs (Lair:1)
  3 hungry ghosts
  A water moccasin (Lair:1)
  2 porcupines (Lair:1)
  A slave (D:8)
  4 ice beasts
  An orc warrior (D:5)
  A black bear (D:7)
  A sky beast (D:5)
  An ogre (D:7)
  A necrophage (D:9)
  7 centaurs
  A crocodile (Lair:1)
  10 bullfrogs
  2 scorpions (D:9)
  A water moccasin skeleton (D:5)
  5 killer bees (D:8)
  6 wights (D:9)
  2 howler monkeys
  3 crimson imps
  2 bullfrog zombies
  2 orc priests
  2 jellies (D:6)
  5 hounds
  2 centaur skeletons
  7 orc wizards
  An iguana (D:6)
  9 worker ants
  A hound zombie (D:6)
  A hound skeleton (D:6)
  7 gnolls
  13 adders
  2 howler monkey skeletons (D:8)
  3 shadow imps
  2 adder skeletons
  An adder zombie (D:6)
  4 worms
  A dart slug (D:1)
  7 leopard geckos
  21 orcs
  2 ball pythons (D:1)
  7 bats
  12 giant cockroaches
  3 goblins
  4 hobgoblins
  5 kobolds
  2 quokkas
  6 frilled lizards
  A jackal skeleton (D:6)
  A leopard gecko skeleton (D:5)
  A quokka skeleton (D:5)
  13 rats
219 creatures vanquished.

Vanquished Creatures (collateral kills)
  A hippogriff (D:8)
  A centaur skeleton (D:8)
  A worker ant (D:8)
3 creatures vanquished.

Vanquished Creatures (others)
  2 orc warriors
  2 slaves (D:8)
  4 orcs
  A fungus (Lair:1)
9 creatures vanquished.

Grand Total: 231 creatures vanquished

Notes
Turn   | Place    | Note
-------+----------+-------------------------------------------
     0 | D:1      | Matezma the Hill Orc Monk began the quest for the Orb.
     0 | D:1      | Reached XP level 1. HP: 19/19 MP: 1/1
    89 | D:1      | Reached XP level 2. HP: 26/27 MP: 2/2
   670 | D:1      | Reached skill level 1 in Armour
   688 | D:1      | Reached XP level 3. HP: 25/33 MP: 3/3
  1686 | D:2      | Found a blossoming altar of Fedhas.
  1850 | D:2      | Reached skill level 5 in Axes
  1901 | D:2      | Reached XP level 4. HP: 40/40 MP: 4/4
  2655 | D:3      | Reached XP level 5. HP: 45/47 MP: 5/5
  3034 | D:3      | Found a stormy altar of Qazlal.
  3106 | D:3      | Found an opulent altar of Gozag.
  3253 | D:3      | Reached skill level 6 in Axes
  3665 | D:3      | Found a basalt altar of Yredelemnul.
  3673 | D:3      | Found a sparkling altar of Nemelex Xobeh.
  3701 | D:3      | Found a radiant altar of Vehumet.
  3710 | D:3      | Found a blossoming altar of Fedhas.
  3842 | D:4      | Became a worshipper of Beogh the Brigand
  3842 | D:4      | Reached * piety under Beogh
  3842 | D:4      | Reached ** piety under Beogh
  4401 | D:4      | Found Rigin's Antique Armour Emporium.
  4772 | D:4      | Found a staircase to the Ecumenical Temple.
  4831 | D:4      | Reached skill level 5 in Fighting
  4831 | D:4      | Reached XP level 6. HP: 52/56 MP: 6/6
  5461 | D:5      | Entered Level 5 of the Dungeon
  5465 | D:5      | Found a burning altar of Makhleb.
  5544 | D:5      | Reached skill level 7 in Axes
  5924 | D:5      | Reached XP level 7. HP: 42/61 MP: 7/7
  6120 | D:5      | Reached skill level 8 in Axes
  6708 | D:5      | Reached XP level 8. HP: 66/70 MP: 8/8
  6714 | D:5      | Found an iron altar of Okawaru.
  6716 | D:5      | Reached skill level 9 in Axes
  6982 | D:5      | Reached *** piety under Beogh
  6984 | D:5      | Reached skill level 5 in Armour
  7000 | D:6      | Reached skill level 10 in Axes
  7224 | D:6      | Reached XP level 9. HP: 47/79 MP: 9/9
  7653 | D:6      | Reached skill level 11 in Axes
  8003 | D:7      | Found Awu Ymmo's Book Emporium.
  8381 | D:8      | Found a deep blue altar of Sif Muna.
  8386 | D:8      | Reached skill level 12 in Axes
  8390 | D:8      | Reached **** piety under Beogh
  8404 | D:8      | Noticed Harold
  8766 | D:8      | Noticed Maurice
  8770 | D:8      | Paralysed by Maurice for 6 turns
  8784 | D:8      | Paralysed by Maurice for 2 turns
  8840 | D:8      | Paralysed by Maurice for 3 turns
  8866 | D:8      | Noticed Pikel
  8876 | D:8      | Killed Pikel
  8876 | D:8      | Reached XP level 10. HP: 74/91 MP: 10/10
  8996 | D:8      | Noticed Psyche
  9005 | D:8      | Killed Psyche
  9005 | D:8      | Reached skill level 13 in Axes
  9053 | D:8      | Found Jamul's Weapon Emporium.
  9059 | D:8      | Noticed a two-headed ogre
  9077 | D:8      | Killed Harold
  9084 | D:8      | Killed a two-headed ogre
  9129 | D:8      | Paralysed by something for 5 turns
  9178 | D:8      | Reached skill level 14 in Axes
  9589 | D:8      | Killed Maurice
  9589 | D:8      | Reached skill level 10 in Fighting
  9645 | D:8      | Found a hide-covered altar of Uskayaw.
  9898 | D:9      | Found a hazy altar of Hepliaklqana.
  9952 | D:9      | Found an ornate altar of the Wu Jian Council.
 10154 | D:9      | Reached XP level 11. HP: 96/101 MP: 11/11
 10186 | D:9      | Found a staircase to the Lair.
 10482 | Lair:1   | Entered Level 1 of the Lair of Beasts
 10711 | Lair:1   | Reached skill level 15 in Axes
 11831 | Lair:2   | Noticed Sonja
 12934 | Lair:1   | Slain by a komodo dragon

Skill      XL: |  1  2  3  4  5  6  7  8  9 10 11 |
---------------+----------------------------------+-----
Armour         | 1 2 3 4 5 7 8 9 |  9.6
Stealth        | 2 |  2.0
Fighting       | 4 5 6 7 9 10 11 | 11.0
Axes           | 5 6 7 8 10 12 14 15 | 15.6
Dodging        | |  2.4

Action                   |  1- 3 |  4- 6 |  7- 9 | 10-12 || total
-------------------------+-------+-------+-------+-------++-------
Melee: Hand axe          |   123 |   157 |   293 |    63 ||   636
       War axe           |       |   188 |       |       ||   188
       Battleaxe         |       |       |       |    94 ||    94
       Halberd           |       |       |       |   175 ||   175
Throw: Stone             |       |       |       |    10 ||    10
Invok: Smiting           |       |     1 |     2 |     5 ||     8
       Convert to Beogh  |       |     1 |       |       ||     1
Evoke: Wand              |       |       |     2 |       ||     2
  Use: Scroll            |     3 |     9 |     3 |     1 ||    16
       Potion            |       |       |       |     5 ||     5
 Stab: Sleeping          |     2 |       |       |       ||     2
       Distracted        |       |       |     1 |       ||     1
  Eat: Chunk             |     3 |    10 |     4 |     5 ||    22
       Ration            |       |     2 |     2 |     8 ||    12
Armor: Robe              |     8 |       |       |       ||     8
       Ring mail         |    13 |       |       |       ||    13
       Plate armour      |    58 |   258 |   225 |    28 ||   569
       Scale mail        |     1 |       |       |       ||     1
       Chain mail        |       |       |       |   267 ||   267
Dodge: Dodged            |    53 |    77 |    98 |   148 ||   376
